 Dungeon Crawl Stone Soup version 0.21.0-3-g78d12a8 (webtiles) character file.

124 emikaela the Vexing (level 4, -4/30 HPs)
             Began as a Mummy Enchanter on Jan 16, 2018.
             Was a Follower of Kikubaaqudgha.
             Slain by a bullfrog (5 damage)
             ... on level 3 of the Dungeon.
             The game lasted 00:10:19 (2648 turns).

emikaela the Vexing (Mummy Enchanter)               Turns: 2648, Time: 00:10:20

Health: -4/30      AC:  3    Str: 11    XL:     4   Next: 81%
Magic:  2/8        EV: 12    Int: 15    God:    Kikubaaqudgha [*.....]
Gold:   77         SH:  0    Dex: 12    Spells: 0/9 levels left

rFire    x . .     SeeInvis .   a - +1 dagger
rCold    + . .     Gourm    .   (no shield)
rNeg     + + +     Faith    .   b - +0 robe
rPois    ∞         Spirit   .   (no helmet)
rElec    .         Reflect  .   (no cloak)
rCorr    .         Harm     .   (no gloves)
MR       .....                  i - +0 pair of boots
Stlth    ++........             (no amulet)
HPRegen  0.10/turn              (no ring)
MPRegen  0.11/turn              (no ring)

@: no status effects
A: no food or potions, fire vulnerability, cold resistance 1, negative energy
resistance 3, torment resistance, unbreathing
a: Receive Corpses, Renounce Religion


You were on level 3 of the Dungeon.
You worshipped Kikubaaqudgha.
Kikubaaqudgha was aware of your devotion.
You were not hungry.

You visited 1 branch of the dungeon, and saw 3 of its levels.

You collected 77 gold pieces.

Inventory:

Hand Weapons
 a - a +1 dagger (weapon)
Missiles
 f - 9 arrows
 s - 61 stones (quivered)
Armour
 b - a +0 robe (worn)
 i - a +0 pair of boots (worn)
Scrolls
 d - a scroll of identify {unknown}
 e - a scroll of fear
 g - a scroll of amnesia
 h - 2 scrolls of teleportation {unknown}
 j - a scroll of fog {unknown}
 k - a scroll of enchant weapon {unknown}
 m - a scroll of random uselessness {unknown}
 n - a scroll of remove curse {unknown}
Books
 c - a book of Maledictions
 l - Kikubaaqudgha's Catalogue of Evil
   (Kikubaaqudgha gifted it to you on level 2 of the Dungeon)

   Spells                             Type                      Level
   a - Animate Skeleton               Necromancy                   1
   b - Pain                           Necromancy                   1
   c - Corpse Rot                     Necromancy                   2
   d - Vampiric Draining              Necromancy                   3


   Skills:
 + Level 1.2 Short Blades
 - Level 1.5 Dodging
 - Level 3.0 Stealth
 + Level 3.2 Spellcasting
 * Level 4.1 Hexes
 - Level 1.1 Ice Magic


You couldn't memorise any spells.
You knew the following spells:

 Your Spells              Type           Power        Failure   Level  Hunger
a - Corona                Hex            ##.....      3%          1    N/A
c - Confuse               Hex            ##......     11%         3    N/A
e - Ensorcelled Hibernat  Hex/Ice        ##....       10%         2    N/A
t - Tukima's Dance        Hex            ##......     11%         3    N/A

Dungeon Overview and Level Annotations

Branches:
Dungeon (3/15)

Altars:
Ashenzari
Kikubaaqudgha
Ru
Yredelemnul


Innate Abilities, Weirdness & Mutations

You do not eat or drink.
Your flesh is vulnerable to fire.
You are immune to poison.
Your flesh is cold resistant. (rC+)
You are immune to negative energy. (rN+++)
You are immune to unholy pain and torment.
You can survive without breathing.


Message History

Confirm with . or Enter, or press ? or * to list all spells.
Aiming: Ensorcelled Hibernation
Press: ? - help, Shift-Dir - straight line, f - you
Okay, then.
Casting: Ensorcelled Hibernation
Confirm with . or Enter, or press ? or * to list all spells.
Aiming: Ensorcelled Hibernation
Press: ? - help, Shift-Dir - straight line, f - you
Okay, then.
The bullfrog hits you.
Casting: Ensorcelled Hibernation
Confirm with . or Enter, or press ? or * to list all spells.
Aiming: Ensorcelled Hibernation
Press: ? - help, Shift-Dir - straight line, f - bullfrog
Aim: a bullfrog (severely wounded, chance to defeat MR: 41%)
The bullfrog resists with some effort.
The bullfrog hits you!
* * * LOW HITPOINT WARNING * * *
The bullfrog hits you.
You die...
Kikubaaqudgha rasps: "You have failed me!
Welcome... oblivion!"

###
################.#
#.....F@....<....#
#.########.#####.#
#######.#
#.......#
#.......######
#########
#.######.....###
###.......#######
+................
##.##......).....
#.##............


You could see a bullfrog.

Vanquished Creatures
  A howler monkey (D:2)
  Terence (D:2)
  2 adders (D:2)
  A worm (D:2)
  3 dart slugs (D:1)
  An orc (D:3)
  2 giant cockroaches
  8 goblins
  3 hobgoblins
  3 ball pythons (D:1)
  4 bats
  4 kobolds (D:1)
  3 rats
36 creatures vanquished.

Notes
Turn   | Place    | Note
-------+----------+-------------------------------------------
     0 | D:1      | emikaela the Mummy Enchanter began the quest for the Orb.
     0 | D:1      | Reached XP level 1. HP: 13/13 MP: 4/4
   186 | D:1      | Reached skill level 1 in Short Blades
   344 | D:1      | Reached skill level 3 in Hexes
   344 | D:1      | Reached XP level 2. HP: 11/19 MP: 2/5
   348 | D:1      | Learned a level 2 spell: Ensorcelled Hibernation
  1210 | D:2      | Noticed a bullfrog
  1269 | D:2      | Reached XP level 3. HP: 17/24 MP: 7/7
  1274 | D:2      | Learned a level 3 spell: Confuse
  1504 | D:2      | Reached skill level 1 in Ice Magic
  1504 | D:2      | Reached XP level 4. HP: 30/30 MP: 1/8
  1528 | D:2      | Learned a level 3 spell: Tukima's Dance
  2260 | D:2      | Found a faded altar of an unknown god.
  2260 | D:2      | Found a basalt altar of Yredelemnul.
  2266 | D:2      | Found a sacrificial altar of Ru.
  2268 | D:2      | Found a faded altar of an unknown god.
  2269 | D:2      | Found a shattered altar of Ashenzari.
  2388 | D:2      | Became a worshipper of Kikubaaqudgha
  2388 | D:2      | Reached * piety under Kikubaaqudgha
  2388 | D:2      | Identified Kikubaaqudgha's Catalogue of Evil (Kikubaaqudgha gifted it to you on level 2 of the Dungeon)
  2388 | D:2      | Received a gift from Kikubaaqudgha
  2410 | D:2      | Noticed Terence
  2419 | D:2      | Killed Terence
  2419 | D:2      | Reached skill level 4 in Hexes
  2648 | D:3      | HP: 1/30 [bullfrog (8)]
  2648 | D:3      | Slain by a bullfrog

Skill      XL: |  1  2  3  4 |
---------------+-------------+-----
Short Blades   | 1 |  1.2
Hexes          | 3 4 |  4.1
Spellcasting   | 3 |  3.2
Stealth        | 3 |  3.0
Ice Magic      | 1 |  1.1
Dodging        | |  1.5

Action                   |  1- 3 |  4- 6 || total
-------------------------+-------+-------++-------
Melee: Dagger            |    91 |    25 ||   116
Throw: Stone             |       |     5 ||     5
 Cast: Corona            |    15 |     1 ||    16
       Ensorcelled Hiber |    23 |    17 ||    40
       Confuse           |       |     1 ||     1
  Use: Scroll            |     2 |       ||     2
 Stab: Sleeping          |    11 |     9 ||    20
       Confused          |       |     1 ||     1
Armor: Robe              |    24 |     7 ||    31
Dodge: Dodged            |    69 |    28 ||    97
